 Dungeon Crawl Stone Soup version 0.29.0-15-g675c0067aa (webtiles) character file.

Game seed: 2766863685254183466

110 Zonian the Ducker (level 4, -2/35 HPs)
             Began as a Demonspawn Gladiator on Sept 11, 2022.
             Constricted to death by Natasha (4 damage)
             ... on level 3 of the Dungeon.
             The game lasted 00:03:57 (3300 turns).

Zonian the Ducker (Demonspawn Gladiator)            Turns: 3300, Time: 00:03:57

Health: -2/35      AC:  4    Str: 15    XL:     4   Next: 61%
Magic:  4/4        EV: 10    Int:  9    God:
Gold:   40         SH:  8    Dex: 16    Spells: 3/3 levels left

rFire   + . .      SeeInvis .   a - +0 rapier
rCold   . . .      Faith    .   (no shield)
rNeg    . . .      Spirit   .   b - +0 leather armour
rPois   .          Reflect  .   c - +0 helmet
rElec   .          Harm     .   (no cloak)
rCorr   .          Rampage  .   (no gloves)
Will    .....                   (no boots)
Stlth   +.........              (no amulet)
HPRegen 0.11/turn               i - ring of protection from fire
MPRegen 0.09/turn               (no ring)

@: grasped by roots, constricted
A: claws 1, large bone plates 1, condensation shield
a: no special abilities


You were on level 3 of the Dungeon.
You visited 1 branch of the dungeon, and saw 3 of its levels.

You collected 40 gold pieces.

Inventory:

Hand Weapons
 a - a +0 rapier (weapon)
 g - a +0 sling
Missiles
 e - a javelin (quivered)
 m - 3 boomerangs
 s - 9 poisoned darts
Armour
 b - a +0 leather armour (worn)
 c - a +0 helmet (worn)
Jewellery
 i - a ring of protection from fire (left claw)
Wands
 u - a wand of polymorph (11)
Scrolls
 f - 7 scrolls of identify {unknown}
 n - 3 scrolls of vulnerability {unknown}
 p - a scroll of enchant armour {unknown}
 r - 2 scrolls of immolation {unknown}
 x - a scroll of fear {unknown}
Potions
 d - a potion of degeneration {unknown}
 h - 2 potions of ambrosia {unknown}
 j - a potion of attraction {unknown}
 k - a potion of berserk rage {unknown}
 l - 3 potions of curing
 o - a potion of heal wounds {unknown}
 q - a potion of resistance {unknown}
 t - a potion of lignification {unknown}
 v - a potion of haste {unknown}
 w - a potion of invisibility


   Skills:
 + Level 3.0 Fighting
 + Level 3.3 Short Blades
 + Level 2.6 Throwing
 + Level 3.4 Dodging


You had 3 spell levels left.
You didn't know any spells.
Your spell library contained the following spells:

 Spells                   Type           Power      Damage    Failure   Level
 Dazzling Flash           Conj/Hex       0%         N/A       83%         3
 Portal Projectile        Hex/Tloc       0%         N/A       83%         3
 Tukima's Dance           Hex            0%         N/A       83%         3
 Iskenderun's Mystic Bla  Conj/Tloc      0%         2d3       99%         4
 Blade Hands              Tmut           0%         N/A       100%        5
 Summon Forest            Summ/Tloc      0%         N/A       100%        5
 Eringya's Noxious Bog    Tmut/Pois      0%         N/A       100%        6
 Starburst                Conj/Fire      0%         6d3       100%        6
 Summon Hydra             Summ           0%         N/A       100%        7


Dungeon Overview and Level Annotations

Branches:
Dungeon (3/15)

Altars:

Annotations:
D:3 Grinder, Natasha


Innate Abilities, Weirdness & Mutations

You have sharp fingernails.
You are partially covered in large bone plates. (SH +4)
A meltable shield of frost defends you. (SH +4)


Message History

Natasha, Servant of Life and Death comes into view.
She is carrying a wand of roots (14).
Natasha is nearby!
Unknown command.
Natasha hisses angrily.
Natasha mumbles some strange words.
You feel disoriented. Natasha casts a spell at you. The magic dart hits you.
You block Natasha's attack.
You miss Natasha. Your claw misses Natasha.
Natasha hisses.
Natasha misses you.
Unknown command.
You hit Natasha.
Natasha is moderately wounded.
You block Natasha's attack.
You hit Natasha but do no damage.
Natasha is moderately wounded.
Natasha zaps a wand.
The roots erupt in riotous growth!
The grasping roots grab you!
Natasha is unaffected.
The grasping roots constrict you.
You hit Natasha.
Natasha is severely wounded.
Natasha stares at you and mumbles some strange words.
The magic dart hits you! The grasping roots constrict you.
You completely miss Natasha.
Natasha is severely wounded.
Natasha barely misses you. The grasping roots constrict you.
The grasping roots release their grip on you.
Unknown command.
You closely miss Natasha.
Natasha is severely wounded.
Natasha zaps a wand.
The roots erupt in riotous growth!
The grasping roots grab you!
Natasha is unaffected.
The grasping roots constrict you.
* * * LOW HITPOINT WARNING * * *
Natasha claws you.
* * * LOW HITPOINT WARNING * * *
The grasping roots constrict you.
You die...

#..###.....####
##.##..##### #..#.##
##.>.# ##.## #. #.#
.. #.# .##
#.######### ..#
#....h@.).# #.#
###########.## #.#
#...........#
.###.###.###########
.............#
####.###.###.#
.....# #.....#
####.# ####### ###


You could see Natasha.

Vanquished Creatures
  Jessica (D:3)
  Robin (D:2)
  2 adders (D:2)
  An orc (D:3)
  A bat (D:2)
  5 endoplasms (D:1)
  3 giant cockroaches
  10 hobgoblins
  2 jackals (D:1)
  A kobold (D:2)
  A quokka (D:1)
  7 ball pythons
  A frilled lizard (D:1)
  10 goblins
  2 rats
48 creatures vanquished.

Notes
Turn   | Place    | Note
-------+----------+-------------------------------------------
     0 | D:1      | Zonian the Demonspawn Gladiator began the quest for the
                  | Orb.
     0 | D:1      | Reached XP level 1. HP: 16/16 MP: 1/1
   285 | D:1      | Gained mutation: You have sharp fingernails. [demonic
                  | ancestry]
   285 | D:1      | Reached XP level 2. HP: 19/22 MP: 2/2
  1397 | D:2      | Gained mutation: A meltable shield of frost defends you.
                  | (SH +4) [demonic ancestry]
  1397 | D:2      | Reached XP level 3. HP: 19/28 MP: 3/3
  1839 | D:2      | Noticed Robin
  1865 | D:2      | Killed Robin
  1866 | D:2      | Gained mutation: You are partially covered in large bone
                  | plates. (SH +4) [demonic ancestry]
  1866 | D:2      | Reached XP level 4. HP: 11/34 MP: 4/4
  2396 | D:2      | Found a faded altar of an unknown god.
  2562 | D:3      | Noticed Grinder
  2566 | D:3      | Paralysed by Grinder for 3 turns
  2864 | D:3      | Noticed Jessica
  2884 | D:3      | Killed Jessica
  3292 | D:3      | Noticed Natasha
  3300 | D:3      | Constricted to death by Natasha

Illustrated notes

Levels and vault maps discovered:
D:1:      saegor_arrival_miasma, layout_loops_cross, serial_co_window_serial,
          co_window_of_opportunity_a, co_window_paths_a, co_window_paths_b,
          co_window_paths_b, co_window_cross_1, co_window_unsneaky_path_e,
          co_window_corner_ca, co_window_corner_b, co_window_2corner,
          co_window_4corner_a, glass_columns_a
D:2:      layout_basic, hellmonk_ecumenical_altar_prayer_group, minivault_11,
          uniq_robin
D:3:      layout_basic, mainiacjoe_overflow_alcove_4,
          chequers_temple_overflow_minitemple, serial_shops, nicolae_shop_trees,
          serial_glass, glass_columns_a, glass_columns_a,
          minmay_strange_pillars, minmay_strange_pillars, due_unseen_surprise,
          uniq_sigmund, uniq_grinder, uniq_jessica, uniq_natasha

Skill      XL: |  1  2  3  4 |
---------------+-------------+-----
Throwing       | 2 |  2.6
Short Blades   | 3 |  3.3
Dodging        | 3 |  3.4
Fighting       | 3 |  3.0

Action                   |  1- 3 |  4- 6 || total
-------------------------+-------+-------++-------
Melee: Rapier            |   117 |    51 ||   168
       Punch             |     1 |     1 ||     2
Throw: Throwing net      |     1 |     2 ||     3
       Dart              |       |     2 ||     2
  Use: Potion            |       |     2 ||     2
 Stab: Sleeping          |     4 |       ||     4
       Invisible         |       |     1 ||     1
Armor: Leather armour    |    33 |     5 ||    38
Dodge: Dodged            |    65 |    25 ||    90
Block: Other             |    14 |    20 ||    34
